Map: Acropolis LE

Players

Mez - Winner!

  • Race: Terran Terran
  • League: Master
  • Spawn Location: 5:00

Totovich

  • Race: Protoss Protoss
  • League: Master
  • Spawn Location: 11:00

VOD

Have the link to the VOD?

Description

Time

  • Played on: Aug. 8, 2019, 12:53 p.m.
  • Length: 12:11
Show
View Real Time Build Order
Export as new Build Order

Mez Terran - Winner!

Build Orders: Reaper Expand 

Get SALT Encoding   

  12  0:01  SCV  
  13  0:13  SCV  
  14  0:17  Supply Depot  
  14  0:25  SCV  
  15  0:39  SCV  
  15  0:40  Barracks  
  16  0:44  Refinery  
  16  0:51  SCV  
  17  1:03  SCV  
  18  1:15  SCV  
  19  1:28  Reaper, Orbital Command  
  20  1:41  Command Center  
  20  1:53  SCV  
  21  1:54  Barracks  
  21  2:06  SCV  
  21  2:07  Barracks Reactor  
  22  2:12  Barracks  
  22  2:19  SCV, Supply Depot  
  23  2:40  SCV  
  23  2:42  Barracks Tech Lab  
  24  2:45  Marine x2  
  26  2:52  SCV  
  26  2:53  Orbital Command  
  27  2:59  Marine  
  27  3:02  Concussive Shells, Marauder  
  30  3:10  SCV, Marine x2  
  33  3:18  Supply Depot  
  33  3:19  SCV  
  34  3:20  Marine  
  34  3:24  Marauder  
  34  3:25  SCV  
  38  3:31  SCV  
  38  3:32  Marine x2  
  41  3:37  SCV  
  42  3:42  Marine, Supply Depot  
  42  3:43  SCV  
  42  3:44  Marine  
  45  3:49  SCV  
  45  3:50  Marine x2  
  48  3:55  SCV  
  48  3:58  Stimpack  
  48  4:01  SCV  
  50  4:08  SCV  
  50  4:09  Command Center  
  51  4:13  Supply Depot  
  50  4:17  SCV  
  50  4:19  Marine x4  
  50  4:20  SCV  
  56  4:29  SCV  
  56  4:30  Factory  
  56  4:32  SCV  
  57  4:41  SCV  
  57  4:44  SCV  
  58  4:46  Marine x3  
  58  4:53  SCV  
  58  4:56  SCV  
  53  5:01  Refinery  
  53  5:02  Bunker, Refinery x2  
  53  5:05  SCV, Barracks Tech Lab  
  54  5:08  SCV  
  54  5:09  Barracks  
  54  5:10  Barracks  
  54  5:11  Engineering Bay  
  54  5:12  Engineering Bay  
  55  5:17  Starport, Factory Reactor  
  55  5:20  Marine x3  
  58  5:21  SCV x2  
  58  5:24  Orbital Command  
  60  5:33  Marine  
  61  5:38  SCV x2, Marine  
  61  5:39  Marine  
  61  5:40  Marauder  
  67  5:43  Combat Shield  
  67  5:50  SCV, Supply Depot x2  
  67  5:51  SCV, Marine  
  67  5:52  SCV  
  71  6:00  Barracks Reactor, Barracks Tech Lab  
  71  6:03  SCV x2  
  73  6:04  Orbital Command  
  73  6:07  Medivac x2  
  73  6:08  Supply Depot  
  77  6:16  Marine x4  
  81  6:19  SCV x2  
  82  6:31  SCV  
  83  6:36  Terran Infantry Weapons Level 1  
  83  6:38  Terran Infantry Armor Level 1  
  83  6:39  Supply Depot x2  
  83  6:40  Marine x6  
  83  6:43  Medivac x2  
  93  6:47  SCV x3  
  96  6:54  Refinery, Supply Depot  
  96  6:55  Marauder  
  96  6:59  SCV x3, Marauder x2  
  96  7:00  Supply Depot  
  96  7:01  Marine x4  
  107  7:06  Factory Reactor  
  109  7:11  SCV x3  
  109  7:13  Medivac x2  
  109  7:14  Supply Depot  
  116  7:15  Marine  
  116  7:17  Supply Depot  
  117  7:23  SCV x3  
  117  7:28  Starport  
  120  7:32  Marine x4, Marauder x2  
  120  7:34  Marauder  
  130  7:43  SCV  
  130  7:44  SCV x2  
  133  7:46  Barracks  
  133  7:48  Barracks  
  133  7:49  Barracks  
  133  7:52  Supply Depot  
  133  7:54  Refinery, Marauder x2, Supply Depot x2  
  133  7:55  SCV  
  133  7:57  Supply Depot  
  138  8:08  Viking x2  
  138  8:11  Marine x3, Marauder  
  147  8:15  Marauder  
  147  8:17  Marauder  
  147  8:19  Supply Depot  
  151  8:21  Supply Depot  
  151  8:26  Supply Depot  
  151  8:32  Marauder  
  151  8:33  Marine x3  
  151  8:34  Barracks Tech Lab  
  154  8:35  Barracks Tech Lab  
  154  8:36  Marauder  
  154  8:37  Viking  
  154  8:38  Marauder  
  160  8:54  Marauder  
  158  8:57  Marine x3  
  158  8:58  Marine, Marauder x2  
  158  8:59  Viking x3  
  156  9:13  Marauder x2, Barracks Tech Lab  
  156  9:15  Marauder  
  158  9:21  Viking  
  160  9:26  Armory  
  160  9:28  Command Center  
  160  9:34  Marauder  
  160  9:35  Viking x2, Marauder  
  168  9:44  Viking  
  170  9:46  Marine, Marauder x2  
  170  9:51  Viking  
  177  10:01  Marine x2  
  177  10:02  Marine x2, Marauder x3  
  177  10:05  Viking x2  
  191  10:08  Ghost Academy  
  191  10:14  Marauder x2  
  195  10:20  Marauder  
  197  10:23  Marauder  
  176  10:43  Marine x4, Marauder x3  
  176  10:46  Viking x3  
  176  10:47  Viking  
  183  10:56  Starport  
  180  11:04  Marine, Marauder  
  180  11:05  Marine, Marauder x3  
  183  11:16  Viking  
  181  11:22  Marine x2, Marauder x2  
  181  11:24  Viking x2  
  180  11:26  Marauder  
  180  11:39  SCV x3  
  184  11:51  SCV x2  
Show
View Real Time Build Order
Export as new Build Order

Totovich Protoss 

Build Orders: Colossus Rush 

Get SALT Encoding   

  12  0:01  Probe  
  13  0:13  Probe  
  14  0:23  Pylon  
  14  0:25  Probe  
  15  0:41  Probe, Gateway  
  16  0:55  Probe  
  16  1:02  Assimilator  
  16  1:03  Probe  
  18  1:13  Probe  
  19  1:25  Probe  
  20  1:29  Cybernetics Core  
  20  1:37  Probe  
  21  1:40  Pylon  
  21  1:46  Nexus  
  21  1:49  Probe  
  22  1:56  Stalker  
  23  2:01  Probe, Assimilator  
  25  2:08  Warp Gate  
  25  2:13  Probe  
  26  2:25  Pylon  
  26  2:26  Probe  
  27  2:30  Stalker  
  29  2:40  Pylon  
  29  2:41  Probe  
  30  2:52  Robotics Facility  
  30  2:54  Probe  
  31  2:59  Probe  
  32  3:06  Probe  
  32  3:10  Stalker  
  32  3:11  Probe  
  36  3:20  Probe, Gateway  
  36  3:26  Probe  
  38  3:29  Gateway  
  38  3:32  Probe  
  38  3:34  Observer  
  39  3:38  Probe  
  41  3:45  Probe  
  41  3:47  Robotics Bay  
  42  3:51  Pylon  
  42  3:52  Probe  
  42  3:54  Observer  
  43  3:56  Assimilator  
  43  3:57  Probe  
  43  3:59  Assimilator  
  45  4:04  Probe  
  45  4:05  Stalker  
  48  4:13  Probe  
  48  4:16  Probe  
  50  4:18  Observer  
  50  4:22  Probe  
  51  4:24  Probe  
  51  4:26  Pylon  
  51  4:30  Probe  
  53  4:32  Probe  
  53  4:33  Stalker  
  53  4:34  Stalker  
  54  4:40  Probe  
  49  4:50  Stalker  
  46  5:00  Probe x2  
  46  5:05  Colossus  
  47  5:08  Probe  
  47  5:09  Probe  
  49  5:16  Probe  
  49  5:17  Probe  
  57  5:26  Probe x2, Observer  
  57  5:32  Extended Thermal Lance  
  57  5:33  Forge  
  57  5:34  Forge  
  59  5:38  Probe x2  
  61  5:50  Protoss Ground Armor Level 1, Probe  
  61  5:52  Probe, Nexus  
  61  5:53  Sentry  
  61  5:54  Protoss Ground Weapons Level 1  
  65  6:03  Observer  
  65  6:04  Probe  
  65  6:06  Probe  
  67  6:16  Probe  
  68  6:32  Pylon x2  
  68  6:35  Gateway  
  68  6:38  Gateway  
  68  6:40  Observer  
  68  6:41  Pylon  
  68  6:44  Probe  
  68  6:46  Colossus  
  69  6:50  Probe  
  69  6:52  Stalker x2  
  69  6:53  Stalker  
  82  6:58  Observer, Pylon  
  82  7:07  Twilight Council  
  82  7:08  Probe x2  
  82  7:10  Probe  
  82  7:14  Pylon  
  85  7:20  Probe  
  85  7:21  Probe  
  87  7:26  Stalker x3  
  87  7:27  Probe  
  94  7:31  Assimilator  
  94  7:33  Probe, Colossus, Assimilator  
  95  7:37  Probe  
  101  7:45  Probe x2  
  103  7:57  Probe  
  104  8:00  Stalker x2, Sentry  
  104  8:01  Stalker, Protoss Ground Weapons Level 2, Protoss Ground Armor Level 2  
  104  8:02  Stalker  
  114  8:12  Robotics Facility  
  114  8:24  Stalker x3  
  114  8:25  Stalker  
  122  8:40  Pylon x2  
  122  8:42  Colossus  
  122  8:46  Photon Cannon  
  122  8:47  Probe x3  
  122  8:48  Pylon  
  116  8:56  Stargate  
  116  8:59  Probe x2  
  111  9:13  Zealot x2  
  111  9:14  Zealot x3  
  121  9:20  Nexus  
  121  9:23  Probe  
  122  9:27  Stargate  
  122  9:31  Observer  
  122  9:32  Probe  
  122  9:35  Probe  
  125  9:47  Phoenix  
  125  9:48  Immortal  
  131  9:54  Pylon  
  131  10:01  Pylon  
  131  10:03  Pylon  
  131  10:04  Protoss Air Weapons Level 1  
  131  10:06  Phoenix  
  131  10:07  Probe x2  
  133  10:10  Phoenix  
  137  10:26  Shield Battery  
  135  10:29  Stalker  
  115  10:46  Stalker  
  115  10:47  Stalker x2  
  116  10:55  Stalker  
  116  10:56  Stalker  
  120  11:05  Probe x3  
  120  11:08  Phoenix  
  120  11:10  Phoenix  
  127  11:17  Probe  
  128  11:26  Phoenix  
  128  11:27  Phoenix  
Tags
 
Add a new tag
Caveats
  • Supply blocks, unpowered buildings, or Contaminate may cause inaccurate times.
  • Supply counts are checked every 10 seconds.